 Dungeon Crawl Stone Soup version 0.30-a0-737-gf23d94013f (webtiles) character file.

Game seed: 579378895872018116

259 demibob the Cleaver (level 6, 0/51 HPs)
             Began as a Hill Orc Fighter on Feb 2, 2023.
             Was a Believer of Fedhas.
             Succumbed to a killer bee's poison
             ... on level 5 of the Dungeon.
             The game lasted 00:03:43 (3650 turns).

demibob the Cleaver (Hill Orc Fighter)              Turns: 3650, Time: 00:03:44

Health: 0/51       AC:  6    Str: 19    XL:     6   Next: 17%
Magic:  6/6        EV:  9    Int:  8    God:    Fedhas [**....]
Gold:   214        SH:  0    Dex: 12    Spells: 5/5 levels left

rFire   + . .      SeeInvis .    a - +0 war axe
rCold   + . .      Faith    +    (no shield)
rNeg    . . .      Spirit   .    b - +0 scale mail
rPois   +          Reflect  .    (no helmet)
rElec   +          Harm     .    (no cloak)
rCorr   +          Rampage  .    (no gloves)
Will    .....                    (no boots) Stlth
                                 f - amulet of faith {!P}
HPRegen 0.28/turn                L - ring of flight
MPRegen 0.10/turn                (no ring)

@: mighty, lethally poisoned (0 -> -7), resistant, flying
A: no striking features
a: Renounce Religion, Wall of Briars


You were on level 5 of the Dungeon.
You worshipped Fedhas.
Fedhas was pleased with you.
You visited 1 branch of the dungeon, and saw 5 of its levels.

You collected 242 gold pieces.
You spent 28 gold pieces at shops.


   Skills:
 - Level 3.6 Fighting
 + Level 8.2 Axes
 - Level 3.2 Armour
 - Level 3.2 Shields
 + Level 1.2 Invocations


You had 5 spell levels left.
You didn't know any spells.
Your spell library contained the following spells:

 Spells                   Type           Power      Damage    Failure   Level
 Apportation              Tloc           0%         N/A       77%         1
 Necrotise                Necr           0%         1d4       77%         1
 Summon Small Mammal      Summ           0%         N/A       77%         1

Inventory:

Hand Weapons
 a - a +0 war axe (weapon)
Armour
 b - a +0 scale mail (worn)
 n - a +2 cloak
Jewellery
 f - an amulet of faith (around neck) {!P}
 L - a ring of flight (left hand)
Wands
 o - a wand of flame (7)
Scrolls
 c - a scroll of fog
 e - 4 scrolls of fear
 h - a scroll of identify {@r1}
 l - a scroll of teleportation {@r2}
Potions
 d - a potion of might
 j - 3 potions of invisibility
 k - a potion of resistance
 m - 2 potions of degeneration {unknown}

Dungeon Overview and Level Annotations

Branches:
Dungeon (5/15)
 Temple: D:4-7

Altars:
Fedhas
Hepliaklqana
Sif Muna

Shops:
D:2

* ##
############ .#
####......@.y.#
.#
#.>..########.#
.# #.####### .#
.# #....[..# ..
.# ##..####..
y..
.#####.........
..PP
.........######
yy⚑.#
.#####..##
§..§. .# #..#


You could see a killer bee.


Message History

You feel very sick. The killer bee stings you.
The killer bee stings you but does no damage.
You closely miss the killer bee.
The killer bee is severely wounded.
You feel very sick. The killer bee stings you.
* * * LOW HITPOINT WARNING * * *
You are more poisoned.
The killer bee poisons you! The killer bee stings you!
* * * LOW HITPOINT WARNING * * *
You miss the killer bee.
The killer bee is severely wounded.
* * * LOW HITPOINT WARNING * * *
You feel very sick.
The killer bee stings you but does no damage.
The killer bee barely misses you.
Unknown command.
You miss the killer bee.
The killer bee is severely wounded.
* * * LOW HITPOINT WARNING * * *
You feel very sick. The killer bee completely misses you.
The killer bee stings you.
* * * LOW HITPOINT WARNING * * *
Unknown command.
You slash the killer bee!
You kill the killer bee!
Fedhas appreciates your contribution to the ecosystem.
You die...
Fedhas appreciates your contribution to the ecosystem.

Skill      XL: |  1  2  3  4  5  6 |
---------------+-------------------+-----
Axes           | 3 4 5 7 8 |  8.2
Invocations    | 1 |  1.2
Fighting       | |  3.6
Armour         | |  3.2
Shields        | |  3.2

Action                     |  1- 3 |  4- 6 || total
---------------------------+-------+-------++-------
  Melee: War axe           |   106 |   129 ||   235
         Punch             |       |     1 ||     1
    Use: Scroll            |     3 |     7 ||    10
         Potion            |       |     7 ||     7
 Armour: Scale mail        |    57 |    55 ||   112
  Dodge: Dodged            |    58 |    60 ||   118

Levels and vault maps discovered:
D:1:      lightli_arrival_farm, layout_basic, hangedman_decor_growths
D:2:      layout_loops_corners, dreamdust_ecumenical_altar_drowned_temple,
          serial_shops, nicolae_shop_stone
D:3:      layout_loops_cross, minmay_bisected
D:4:      layout_loops_ring, mainiacjoe_overflow_tiny_flanked
D:5:      layout_loops_ring, nicolae_hepliaklqana_hazy_memory,
          trog_hazing_becter, minmay_temple_entry_from_below_a,
          uniq_crazy_yiuf_cottage, uniq_sigmund

Notes
Turn   | Place    | Note
-------+----------+-------------------------------------------
     0 | D:1      | demibob the Hill Orc Fighter began the quest for the Orb.
     0 | D:1      | Reached XP level 1. HP: 19/19 MP: 1/1
    65 | D:1      | Reached skill level 3 in Axes
    78 | D:1      | Reached XP level 2. HP: 26/26 MP: 2/2
   225 | D:1      | Reached skill level 4 in Axes
   971 | D:2      | Reached XP level 3. HP: 31/31 MP: 3/3
  1136 | D:2      | Reached skill level 5 in Axes
  1346 | D:2      | Found a faded altar of an unknown god.
  1354 | D:2      | Prayed at the altar of an unknown god.
  1354 | D:2      | Became a worshipper of Fedhas Madash
  1354 | D:2      | Reached * piety under Fedhas
  1423 | D:2      | Reached XP level 4. HP: 22/39 MP: 4/4
  1646 | D:2      | Found Ocuinili's Assorted Antiques.
  1653 | D:2      | Bought a scroll labelled ENOTYR PEERGH for 28 gold pieces
  1925 | D:3      | Reached skill level 6 in Axes
  1982 | D:3      | Reached ** piety under Fedhas
  2292 | D:3      | Noticed an ice beast
  2308 | D:3      | Killed an ice beast
  2309 | D:3      | Reached skill level 7 in Axes
  2309 | D:3      | Reached XP level 5. HP: 9/45 MP: 5/5
  2736 | D:3      | Identified a potion of resistance
  3131 | D:4      | Found a shimmering blue altar of Sif Muna.
  3357 | D:4      | Reached skill level 8 in Axes
  3358 | D:4      | Reached XP level 6. HP: 46/51 MP: 6/6
  3504 | D:5      | Entered Level 5 of the Dungeon
  3550 | D:5      | Reached skill level 1 in Invocations
  3635 | D:5      | Found a hazy altar of Hepliaklqana.
  3649 | D:5      | HP: 4/51 [poisoned by a killer bee]
  3650 | D:5      | Succumbed to a killer bee's poison

Vanquished Creatures
  An ice beast (D:3)
  A killer bee (D:5)
  An orc wizard (D:5)
  5 adders
  3 worms
  3 dart slugs
  9 orcs
  6 bats
  7 endoplasms
  A giant cockroach (D:1)
  7 goblins
  3 hobgoblins
  4 quokkas
  7 ball pythons
  4 frilled lizards
  7 kobolds
  5 rats
  A spectral goblin (D:2)
75 creatures vanquished.

Vanquished Creatures (others)
  A plant (D:5)
1 creature vanquished.

Grand Total: 76 creatures vanquished

Table legend: (Time is in decaauts)
 A = Elapsed time spent in this place.
 B = Non-inter-level travel time spent in this place.
 C = Inter-level travel time spent in this place.
 D = Time resting spent in this place.
 E = Time spent auto-exploring this place.
 F = Levels seen in this place.
 G = Mean time per level.
                   A        B        C        D        E       F      G
               +--------+--------+--------+--------+--------+-----+--------+
         Total |   3724 |   3559 |    165 |    100 |   2871 |   5 |  744.8 |
       Dungeon |   3724 |   3559 |    165 |    100 |   2871 |   5 |  744.8 |
               +--------+--------+--------+--------+--------+-----+--------+

Top non-repeatable levels by time:
     D:2: 982 daAuts
     D:3: 956 daAuts
     D:1: 901 daAuts
     D:4: 737 daAuts
     D:5: 148 daAuts

Table legend:
 A = Non-vault XP
 B = Vault XP
 C = Vault XP percentage of total XP
 D = Non-vault monster count
 E = Vault monster count
 F = Vault count percentage of total count
                 A         B        C        D         E       F
            +---------+---------+-------+---------+---------+-------
      Total |     429 |       4 |   0.9 |      73 |       2 |   2.7
            +---------+---------+-------+---------+---------+-------
        D:1 |      33 |       0 |   0.0 |      20 |       0 |   0.0
        D:2 |      55 |       1 |   1.8 |      16 |       1 |   5.9
        D:3 |     181 |       3 |   1.6 |      17 |       1 |   5.6
        D:4 |      50 |       0 |   0.0 |      14 |       0 |   0.0
        D:5 |     110 |       0 |   0.0 |       6 |       0 |   0.0
            +---------+---------+-------+---------+---------+-------
